 Dungeon Crawl Stone Soup version 0.23.2-40-g277498a001 (webtiles) character file.

Game seed: 7378563193592823216

20029 Clehvi the Thaumaturge (level 12, -13/94 HPs)
             Began as a Mummy Wizard on Oct 20, 2019.
             Was an Initiate of Gozag.
             Killed from afar by a wizard (36 damage)
             ... with a crystal spear
             ... on level 13 of the Dungeon on Oct 21, 2019.
             The game lasted 02:14:51 (27205 turns).

Clehvi the Thaumaturge (Mummy Wizard)              Turns: 27205, Time: 02:14:51

Health: -13/94     AC: 16    Str: 10    XL:     12   Next: 41%
Magic:  3/26       EV:  8    Int: 30    God:    Gozag
Gold:   1434       SH:  7    Dex: 10    Spells: 15/32 levels left

rFire    + . .     SeeInvis .   x - +1 short sword (flame)
rCold    + + .     Gourm    .   z - +0 buckler
rNeg     + + +     Faith    .   G - +4 scale mail of Satisfaction {rF+ rC+ Int+4}
rPois    ∞         Spirit   .   f - +2 helmet {Int+3}
rElec    .         Reflect  +   (no cloak)
rCorr    .         Harm     .   B - +0 pair of gloves
MR       ++...                  C - +0 pair of boots
Stlth    ..........             v - +2 amulet of reflection
HPRegen  0.25/turn              r - ring of protection from magic
MPRegen  0.20/turn              i - ring of protection from fire

@: very slightly contaminated
A: no food or potions, fire vulnerability, cold resistance 1, negative energy
resistance 3, torment resistance, unbreathing
a: Potion Petition, Call Merchant, Bribe Branch, Renounce Religion


You were on level 13 of the Dungeon.
You worshipped Gozag.
Gozag was most pleased with you.
You were not hungry.

You visited 4 branches of the dungeon, and saw 16 of its levels.
You also visited: Sewer.

You collected 2711 gold pieces.
You spent 1165 gold pieces at shops.
You paid 112 gold pieces to Gozag.

Inventory:

Hand Weapons
 l - a +2 dagger of venom
 w - a +0 trident
 x - a +1 short sword of flaming (weapon)
Missiles
 n - 231 stones (quivered)
 E - 164 arrows
Armour
 f - a +2 helmet of intelligence (worn)
 j - a +1 ring mail of fire resistance
 z - a +0 buckler (worn)
 B - a +0 pair of gloves (worn)
 C - a +0 pair of boots (worn)
 G - the +4 scale mail of Satisfaction (worn) {rF+ rC+ Int+4}
   (You bought it in a shop on level 11 of the Dungeon)

   It affects your intelligence (+4).
   It protects you from fire.
   It protects you from cold.
Magical Staves
 J - an uncursed staff of fire
Jewellery
 b - an uncursed amulet of regeneration
 i - a ring of protection from fire (right hand)
 r - a ring of protection from magic (left hand)
 u - an uncursed ring of magical power
 v - a +2 amulet of reflection (around neck)
 D - an uncursed ring of magical power
 K - an uncursed amulet of rage {unknown}
 L - an uncursed ring of magical power
Wands
 c - a wand of polymorph (8)
 g - a wand of iceblast (10)
 A - a wand of paralysis (5)
 H - a wand of enslavement (10)
 I - a wand of acid (14)
Scrolls
 a - 3 scrolls of enchant weapon
 d - 2 scrolls of noise {unknown}
 e - 2 scrolls of blinking
 h - 9 scrolls of identify
 k - 6 scrolls of fog
 m - 4 scrolls of amnesia
 o - 4 scrolls of magic mapping
 p - 3 scrolls of vulnerability {unknown}
 q - a scroll of remove curse
 s - 3 scrolls of fear {unknown}
 t - 3 scrolls of immolation {unknown}
 y - 4 scrolls of teleportation
 F - a scroll of summoning {unknown}


   Skills:
 + Level 8.6 Fighting
 - Level 4.0 Armour
 - Level 1.5 Dodging
 - Level 1.5 Stealth
 - Level 5.2 Shields
 + Level 10.9 Spellcasting
 - Level 4.9 Conjurations
 - Level 4.7 Summonings
 - Level 3.0 Translocations
 * Level 5.0 Transmutations
 - Level 3.1 Fire Magic
 - Level 2.0 Air Magic
 * Level 7.4 Poison Magic


You had 15 spell levels left.
You knew the following spells:

 Your Spells              Type           Power        Failure   Level  Hunger
a - Magic Dart            Conj           ####         2%          1    N/A
b - Call Imp              Summ           #####...     4%          2    N/A
c - Mephitic Cloud        Conj/Pois/Air  #####...     9%          3    N/A
d - Blink                 Tloc           N/A          9%          2    N/A
e - Conjure Flame         Conj/Fire      #####...     11%         3    N/A
f - Olgreb's Toxic Radia  Pois           ######..     9%          4    N/A
g - Sticks to Snakes      Tmut           #####...     3%          2    N/A

Your spell library contained the following spells:

 Spells                   Type           Power        Failure   Level  Hunger
 Sting                    Conj/Pois      ####         1%          1    N/A
 Summon Small Mammal      Summ           ####         2%          1    N/A
 Poisonous Vapours        Pois/Air       #####.       4%          2    N/A
 Apportation              Tloc           ####..       5%          1    N/A
 Animate Skeleton         Necr           N/A          21%         1    N/A
 Confusing Touch          Hex            ###...       21%         1    N/A
 Pain                     Necr           ###.         21%         1    N/A
 Slow                     Hex            ###.....     30%         2    N/A
 Venom Bolt               Conj/Pois      ######....   38%         5    N/A
 Vampiric Draining        Necr           ###.......   52%         3    N/A
 Animate Dead             Necr           N/A          89%         4    N/A
 Beastly Appendage        Tmut           Unusable     N/A         1    N/A
 Spider Form              Tmut/Pois      Unusable     N/A         3    N/A
 Regeneration             Chrm/Necr      Unusable     N/A         3    N/A
 Ice Form                 Ice/Tmut       Unusable     N/A         4    N/A
 Blade Hands              Tmut           Unusable     N/A         5    N/A

Dungeon Overview and Level Annotations

Branches:
Dungeon (13/15)            Temple (1/1) D:6            Lair (1/6) D:10
    Orc (1/2) D:10         Vaults (0/5) D:13

Altars:
Cheibriados
Dithmenos
Elyvilon
Fedhas
Gozag
Hepliaklqana
Kikubaaqudgha
Makhleb
Nemelex Xobeh
Okawaru
Qazlal
Ru
Sif Muna
Trog
Uskayaw
Vehumet
Wu Jian
Xom
Yredelemnul
Zin
The Shining One

Shops:
D:4 [   D:11 [

Annotations:
D:2 1 runed translucent door, Crazy Yiuf
D:8 5 runed translucent doors, exclusion: 3 doors, Descartes's ghost, novice TrMo; hallab's ghost, novice DrFi; sneaky's ghost, novice DDFi


Innate Abilities, Weirdness & Mutations

You do not eat or drink.
Your flesh is vulnerable to fire.
You are immune to poison.
Your flesh is cold resistant. (rC+)
You are immune to negative energy. (rN+++)
You are immune to unholy pain and torment.
You can survive without breathing.


Message History

The wizard gestures wildly while chanting.
The wizard seems to speed up.
Your crimson imp blinks!
Your white imp hits the shadow but does no damage.
The shadow slips into darkness.
The shadow flickers and vanishes!
Deactivating autopickup; reactivate with Ctrl-A.
The wizard points at you and mumbles some strange words.
The bolt of cold hits you! You resist.
* * * LOW HITPOINT WARNING * * *
Casting: Blink (safe; 9% risk of failure)
Confirm with . or Enter, or press ? or * to list all spells.
You miscast Blink.
You are very lightly contaminated with residual magic.
Nothing appears to happen.
Your crimson imp disappears in a puff of smoke!
The wizard points at you and mumbles some strange words.
The crystal spear hits you!!!
You die...
Your body crumbles into a pile of gold.

#..5.##...##.....#####...
$#...##.....##....# #...
#..§#§.)§...#....# #...
#..§§§§.#........# #...
##§§§..##.......## ####
##§§§##.p.§....# ###
##§##....5....# #..
###.....{...## ##..
#...@...#.########≈..
............>...).".....
....#......########≈≈≈≈≈
### #......# ##≈≈≈≈≈≈
#....[.# ##≈≈≈≈≈≈)
#......#####≈≈≈≈≈≈≈≈
#...............≈.≈≈
############≈≈≈.≈.≈≈
###### #........


You could see a wizard and a friendly white imp.

Vanquished Creatures
  A two-headed ogre (D:11)
  An unseen horror (D:11)
  6 wizards (D:13)
  A deep elf mage (D:13)
  2 cyclopes
  2 ugly things
  2 centaur skeletons
  2 trolls
  A hornet (D:12)
  3 hippogriffs
  22 yaks
  5 humans (D:8)
  2 wyverns
  3 water elementals (D:13)
  A hungry ghost (D:12)
  A warg (D:10)
  2 water moccasins
  Duvessa (D:7)
  4 ice beasts
  4 orc warriors
  5 black bears
  An eye of draining (D:12)
  4 sky beasts
  12 ogres
  3 phantoms
  A centaur (D:11)
  6 big kobolds
  6 bullfrogs
  2 scorpions
  Dowan (D:7)
  8 wights
  12 killer bees
  3 electric eels (D:13)
  2 howler monkeys
  4 crimson imps
  5 jellies
  A bullfrog skeleton (D:6)
  5 hounds
  2 orc priests
  5 orc wizards
  4 iguanas
  7 worker ants
  5 gnolls
  3 river rats
  10 adders
  5 shadow imps
  12 white imps (D:11)
  9 oozes
  5 adder skeletons
  6 worms
  5 dart slugs
  9 leopard geckos
  30 orcs
  7 giant cockroaches
  13 goblins
  8 hobgoblins
  13 jackals
  17 kobolds
  6 quokkas
  3 ball pythons
  9 bats
  9 frilled lizards
  A jackal skeleton (D:7)
  A leopard gecko skeleton (D:6)
  14 rats
365 creatures vanquished.

Vanquished Creatures (collateral kills)
  A wizard (D:13)
  2 centaur skeletons
  A wraith (D:12)
  A human (D:7)
  Menkaure (D:4)
  A sky beast (D:12)
  A centaur (D:7)
  A big kobold (Sewer)
  A bullfrog (D:6)
  A scorpion (D:9)
  A killer bee (D:9)
  A crimson imp (D:5)
  A gnoll shaman (D:5)
  A river rat (D:5)
  A ball python (Sewer)
  2 rats (D:5)
18 creatures vanquished.

Vanquished Creatures (others)
  2 orcs
  2 fungi (D:10)
  3 plants (D:4)
  4 withered plants (D:8)
11 creatures vanquished.

Grand Total: 394 creatures vanquished

Notes
Turn   | Place    | Note
-------+----------+-------------------------------------------
     0 | D:1      | Clehvi the Mummy Wizard began the quest for the Orb.
     0 | D:1      | Reached XP level 1. HP: 13/13 MP: 5/5
    26 | D:1      | Reached skill level 1 in Conjurations
   505 | D:1      | Reached XP level 2. HP: 18/20 MP: 7/7
   594 | D:1      | Learned a level 2 spell: Blink
   597 | D:1      | Learned a level 2 spell: Call Imp
   723 | D:1      | Reached skill level 1 in Summonings
  1151 | D:1      | Reached skill level 1 in Translocations
  1357 | D:2      | Reached XP level 3. HP: 25/25 MP: 8/8
  1365 | D:2      | Reached skill level 1 in Fighting
  1470 | D:2      | Learned a level 3 spell: Mephitic Cloud
  1632 | D:2      | Found a runed translucent door.
  1633 | D:2      | Noticed Crazy Yiuf
  2381 | D:3      | Reached XP level 4. HP: 27/32 MP: 7/10
  3157 | D:3      | Reached XP level 5. HP: 38/38 MP: 11/11
  4009 | D:4      | Noticed a phantom
  4077 | D:4      | Killed a phantom
  4077 | D:4      | Reached skill level 1 in Poison Magic
  4111 | D:4      | Learned a level 3 spell: Conjure Flame
  4120 | D:4      | Noticed an ogre
  4136 | D:4      | Killed an ogre
  4136 | D:4      | Reached skill level 1 in Air Magic
  4136 | D:4      | Reached XP level 6. HP: 44/44 MP: 8/13
  4485 | D:4      | Reached skill level 5 in Spellcasting
  4487 | D:4      | Reached skill level 1 in Fire Magic
  5184 | D:4      | Found Resoffai's Antique Armour Shoppe.
  5193 | D:5      | Entered Level 5 of the Dungeon
  5232 | D:4      | Reached XP level 7. HP: 51/51 MP: 10/14
  5635 | D:5      | Found a glowing drain.
  5746 | Sewer    | Entered a sewer
  6813 | Sewer    | Reached XP level 8. HP: 47/58 MP: 15/16
  7162 | D:5      | Reached skill level 6 in Spellcasting
  7490 | D:4      | Noticed Menkaure
  7510 | D:4      | Killed Menkaure
  7681 | D:4      | Reached skill level 1 in Shields
  7933 | D:5      | Found an ancient bone altar of Kikubaaqudgha.
  8238 | D:5      | Found a hide-covered altar of Uskayaw.
  8587 | D:6      | Found a snail-covered altar of Cheibriados.
  8587 | D:6      | Found a glowing silver altar of Zin.
  8587 | D:6      | Found a sacrificial altar of Ru.
  9054 | D:6      | Found a staircase to the Ecumenical Temple.
  9063 | Temple   | Entered the Ecumenical Temple
  9195 | Temple   | Became a worshipper of Gozag Ym Sagoz the Greedy
  9829 | D:6      | Reached skill level 7 in Spellcasting
  9829 | D:6      | Reached XP level 9. HP: 65/66 MP: 10/19
 10418 | D:7      | Noticed Duvessa
 10613 | D:7      | Noticed Dowan
 10954 | D:7      | Found a blossoming altar of Fedhas.
 11303 | D:7      | Found a blossoming altar of Fedhas.
 11411 | D:7      | Reached skill level 5 in Fighting
 12006 | D:4      | Bought a glowing helmet for 165 gold pieces
 12006 | D:4      | Bought a heavily runed scale mail for 198 gold pieces
 12006 | D:4      | Bought a pair of gloves for 99 gold pieces
 12006 | D:4      | Bought a pair of boots for 99 gold pieces
 12036 | D:4      | Identified the cursed +1 scale mail of Insurance {*Corrode
                  | MR++} (You bought it in a shop on level 4 of the Dungeon)
 12487 | D:8      | Noticed a deep elf mage
 12598 | D:9      | Reached skill level 8 in Spellcasting
 13256 | D:9      | Learned a level 4 spell: Olgreb's Toxic Radiance
 13565 | D:9      | Reached XP level 10. HP: 76/76 MP: 16/22
 14059 | D:8      | Found a runed translucent gate.
 14059 | D:8      | Found a runed translucent gate.
 14059 | D:8      | Found a runed translucent gate.
 14064 | D:8      | Noticed Descartes's ghost (novice TrMo)
 14064 | D:8      | Noticed hallab's ghost (novice DrFi)
 14064 | D:8      | Noticed sneaky's ghost (novice DDFi)
 14101 | D:8      | You fall through a shaft!
 14299 | D:8      | Found a runed translucent door.
 14299 | D:8      | Found a runed translucent door.
 14512 | D:7      | Reached skill level 1 in Armour
 14565 | D:8      | Reached skill level 9 in Spellcasting
 14960 | D:8      | Found a runed translucent door.
 15136 | D:4      | Bought a shiny ring mail for 154 gold pieces
 15898 | D:10     | Entered Level 10 of the Dungeon
 16295 | D:10     | Learned a level 2 spell: Sticks to Snakes
 16873 | D:9      | Reached skill level 10 in Spellcasting
 16873 | D:9      | Reached skill level 5 in Poison Magic
 17675 | D:10     | Reached XP level 11. HP: 84/84 MP: 12/25
 17865 | D:10     | Found a staircase to the Orcish Mines.
 17879 | D:10     | Found a staircase to the Lair.
 17996 | D:11     | Noticed a two-headed ogre
 18014 | D:11     | Found Faanah's Antique Armour Boutique.
 18349 | D:12     | Reached skill level 1 in Transmutations
 18656 | D:11     | Killed an unseen horror
 18791 | D:11     | Noticed a red ugly thing
 20179 | D:11     | Bought a twisted ring mail for 225 gold pieces
 20179 | D:11     | Bought a shimmering scale mail for 225 gold pieces
 20189 | D:11     | Identified the +4 scale mail of Satisfaction {rF+ rC+
                  | Int+4} (You bought it in a shop on level 11 of the Dungeon)
 20206 | D:11     | Identified the +2 ring mail "Ustigimu" {+Inv rF+ Int+3}
                  | (You bought it in a shop on level 11 of the Dungeon)
 20407 | D:11     | Killed a two-headed ogre
 21239 | D:10     | Killed a brown ugly thing
 21580 | D:7      | Killed Dowan
 21585 | D:7      | Killed Duvessa
 22242 | Lair:1   | Entered Level 1 of the Lair of Beasts
 22375 | Orc:1    | Entered Level 1 of the Orcish Mines
 22743 | D:10     | Found a staircase to the Orcish Mines.
 22751 | Orc:1    | Noticed an ogre mage
 22757 | Orc:1    | Noticed a two-headed ogre
 22821 | D:10     | Found a staircase to the Lair.
 23617 | D:12     | Noticed a purple ugly thing
 24029 | D:12     | Killed a purple ugly thing
 24684 | D:13     | Found a gate to the Vaults.
 25041 | D:13     | Reached skill level 5 in Shields
 25041 | D:13     | Reached XP level 12. HP: 92/92 MP: 20/26
 27166 | D:13     | Reached skill level 5 in Transmutations
 27205 | D:13     | Killed from afar by a wizard

Skill      XL: |  1  2  3  4  5  6  7  8  9 10 11 12 |
---------------+-------------------------------------+-----
Conjurations   | 1 2 3 4 |  4.9
Summonings     | 1 2 4 |  4.7
Translocations | 1 2 3 |  3.0
Fighting       | 1 2 3 4 6 7 8 |  8.6
Poison Magic   | 1 2 5 6 7 |  7.4
Air Magic      | 1 2 |  2.0
Spellcasting   | 5 7 8 10 | 10.9
Fire Magic     | 1 2 3 |  3.1
Shields        | 3 4 5 |  5.2
Armour         | 2 3 4 |  4.0
Transmutations | 3 5 |  5.0
Dodging        | |  1.5
Stealth        | |  1.5

Action                   |  1- 3 |  4- 6 |  7- 9 | 10-12 || total
-------------------------+-------+-------+-------+-------++-------
Melee: Unarmed           |     9 |       |       |       ||     9
       Dagger            |     4 |    23 |    54 |       ||    81
       Short sword       |       |       |    13 |    48 ||    61
 Cast: Magic Dart        |   123 |   176 |   553 |   778 ||  1630
       Call Imp          |       |     8 |    42 |    51 ||   101
       Conjure Flame     |       |     8 |    36 |    48 ||    92
       Mephitic Cloud    |       |     6 |    10 |    24 ||    40
       Blink             |       |       |       |    21 ||    21
       Olgreb's Toxic Ra |       |       |       |    41 ||    41
       Sticks to Snakes  |       |       |       |     6 ||     6
  Use: Scroll            |       |     6 |     3 |     5 ||    14
 Stab: Distracted        |       |     1 |       |     2 ||     3
       Confused          |       |       |       |     2 ||     2
Armor: Robe              |     6 |    10 |    25 |     6 ||    47
       Ring mail         |       |       |       |   107 ||   107
       Scale mail        |       |       |       |    27 ||    27
Dodge: Dodged            |    20 |    28 |   102 |   129 ||   279
Block: Other             |       |       |     2 |       ||     2
       Buckler           |       |       |     5 |   109 ||   114
       Reflection        |       |       |     1 |    12 ||    13
